 Dungeon Crawl Stone Soup version 0.24.0-123-gd5b16e6ec5 (webtiles) character file.

Game seed: 8082865529175032748, levelgen mode: deterministic

6946 Curus the Cruncher (level 10, -3/90 HPs)
             Began as a Minotaur Gladiator on Dec 31, 2019.
             Was an Elder of Okawaru.
             Slain by a seven-headed hydra (6 damage)
             ... on level 1 of the Lair of Beasts on Jan 1, 2020.
             The game lasted 00:36:16 (7795 turns).

Curus the Cruncher (Minotaur Gladiator)             Turns: 7795, Time: 00:36:16

Health: -3/90      AC: 10    Str: 15 (17) XL:     10   Next: 80%
Magic:  8/10       EV: 22    Int:  7 (10) God:    Okawaru [****..]
Gold:   582        SH:  0    Dex: 17 (19) Spells: 9/9 levels left

rFire    . . .     SeeInvis .   a - +3 quarterstaff
rCold    + + .     Gourm    +   (shield currently unavailable)
rNeg     . . .     Faith    .   r - +3 leather armour of the Republic {rC++ Str-4 Int+4 Stlth+}
rPois    .         Spirit   .   c - +1 hat
rElec    .         Reflect  .   (no cloak)
rCorr    .         Harm     .   t - +2 pair of gloves
MR       +....                  (no boots)
Stlth    ++++......             x - amulet of the gourmand
HPRegen  0.25/turn              D - +4 ring of dexterity
MPRegen  0.12/turn              w - ring of protection from magic

@: mighty, heroism
A: retaliatory headbutt, claws 1, horns 2, blurry vision 1, low mp 1, weak 1
a: Heroism, Renounce Religion


You were on level 1 of the Lair of Beasts.
You worshipped Okawaru.
Okawaru was greatly pleased with you.
You were full.

You visited 3 branches of the dungeon, and saw 10 of its levels.

You collected 582 gold pieces.

Inventory:

Hand Weapons
 a - a +3 quarterstaff (weapon)
 u - a -2 quarterstaff
Missiles
 d - 3 throwing nets (quivered)
Armour
 b - a +0 leather armour
 c - a +1 hat (worn)
 r - the +3 leather armour of the Republic (worn) {rC++ Str-4 Int+4 Stlth+}
   (You found it on level 4 of the Dungeon)

   It affects your strength (-4).
   It affects your intelligence (+4).
   It greatly protects you from cold.
   It makes you more stealthy.
 t - a +2 pair of gloves (worn)
Jewellery
 i - an uncursed ring of protection from cold
 j - an uncursed ring of positive energy
 w - a ring of protection from magic (right hand)
 x - an amulet of the gourmand (around neck)
 y - an uncursed amulet of harm
 A - an uncursed amulet of the acrobat
 D - a +4 ring of dexterity (left hand)
 E - an uncursed amulet of magic regeneration {unknown}
Wands
 n - a wand of disintegration (5)
 p - a wand of paralysis (9)
 s - a wand of acid (5)
 v - a wand of iceblast (13)
Scrolls
 g - 3 scrolls of teleportation
 h - 5 scrolls of remove curse
 m - 7 scrolls of identify
 z - 2 scrolls of magic mapping
 B - a scroll of amnesia
 H - 2 scrolls of enchant armour
Potions
 e - 4 potions of lignification
 k - 3 potions of heal wounds
 o - 4 potions of curing
 q - 2 potions of agility
 C - 2 potions of haste
 F - a potion of brilliance
 G - 2 potions of mutation
Comestibles
 f - 16 rations


   Skills:
 - Level 8.8(13.8) Fighting
 - Level 14.0(19.0) Staves
 - Level 2.0(7.0) Throwing
 - Level 8.4(13.4) Dodging
 + Level 4.1 Invocations
 + Level 3.7 Evocations


You had 9 spell levels left.
You didn't know any spells.
Your spell library contained the following spells:

 Spells                   Type           Power        Failure   Level  Hunger
 Magic Dart               Conj           #...         50%         1    ##.....
 Blink                    Tloc           N/A          63%         2    ###....
 Call Imp                 Summ           #.......     63%         2    ###....
 Slow                     Hex            #.......     63%         2    ###....
 Conjure Flame            Conj/Fire      #.......     86%         3    ####...
 Mephitic Cloud           Conj/Pois/Air  #.......     86%         3    ####...


Dungeon Overview and Level Annotations

Branches:
Dungeon (8/15)             Temple (1/1) D:6            Lair (1/6) D:8

Altars:
Hepliaklqana
Kikubaaqudgha
Makhleb
Okawaru
Sif Muna
Uskayaw
Vehumet
Wu Jian
Zin
The Shining One


Innate Abilities, Weirdness & Mutations

You reflexively headbutt those who attack you in melee.
You have a pair of horns on your head.
You have sharp fingernails.
Scrolls take you a little longer to read.
Your magical capacity is low. (-10% MP)
You are weak. (Str -2)


Message History

You feel your strength returning.
Your Invocations skill increases to level 4!
The seven-headed hydra barely misses you.
You furiously retaliate!
You headbutt the seven-headed hydra. The seven-headed hydra bites you!
The seven-headed hydra completely misses you.
The seven-headed hydra misses you.
The seven-headed hydra bites you but does no damage.
The seven-headed hydra bites you!
* * * LOW HITPOINT WARNING * * *
The seven-headed hydra completely misses you.
You feel very mighty all of a sudden. The bullfrog closely misses you.
You furiously retaliate!
You headbutt the bullfrog! The seven-headed hydra bites you.
* * * LOW HITPOINT WARNING * * *
The seven-headed hydra bites you!
* * * LOW HITPOINT WARNING * * *
The seven-headed hydra closely misses you.
The seven-headed hydra bites you.
You die...

#P.......#
##.......#
#......##
##.....##
##.....#####
#....#....#
###......##
#.F..####
#.P@## ##.D##
#...# #.....#
#........#
##.##
...........#
.....
..............#
#####
##............P
#............#


You could see a seven-headed hydra and a bullfrog.

Vanquished Creatures
  A two-headed ogre (D:8)
  The ghost of dikkface the Skirmisher, a novice HuFi of Makhleb (D:4)
  A rime drake (Lair:1)
  A komodo dragon (Lair:1)
  Prince Ribbit (D:6)
  6 blink frogs (Lair:1)
  6 hippogriffs
  Sigmund (D:5)
  A porcupine (Lair:1)
  A water moccasin (Lair:1)
  3 orc warriors
  2 sky beasts
  An ice beast (D:8)
  A phantom (D:8)
  5 ogres
  A necrophage (D:7)
  A centaur (D:6)
  2 crocodiles
  4 bullfrogs
  A wyvern zombie (D:7)
  A bullfrog zombie (D:3)
  2 crimson imps (D:5)
  A quasit (D:8)
  2 orc priests (D:8)
  4 hounds (D:7)
  12 orc wizards
  An iguana (D:7)
  5 worker ants
  Ijyb (D:3)
  A killer bee zombie (D:8)
  4 gnolls (D:8)
  8 adders
  A shadow imp (D:6)
  An ooze (D:2)
  An adder skeleton (D:8)
  An adder zombie (D:8)
  A worm (D:5)
  A dart slug (D:3)
  5 leopard geckos
  24 orcs
  4 giant cockroaches
  4 goblins
  9 hobgoblins
  12 jackals
  A ball python skeleton (D:5)
  8 bats
  11 frilled lizards
  A jackal skeleton (D:8)
  9 kobolds
  2 leopard gecko skeletons
  A quokka skeleton (D:7)
  4 rats
184 creatures vanquished.

Notes
Turn   | Place    | Note
-------+----------+-------------------------------------------
     0 | D:1      | Curus the Minotaur Gladiator began the quest for the Orb.
     0 | D:1      | Reached XP level 1. HP: 18/18 MP: 0/0
    85 | D:1      | Reached skill level 4 in Staves
   251 | D:1      | Reached XP level 2. HP: 20/25 MP: 1/1
   912 | D:2      | Reached skill level 5 in Staves
   914 | D:2      | Reached XP level 3. HP: 30/30 MP: 2/2
  1253 | D:3      | Reached skill level 6 in Staves
  1253 | D:3      | Reached XP level 4. HP: 35/37 MP: 3/3
  1730 | D:3      | Noticed Ijyb
  1738 | D:3      | Killed Ijyb
  1738 | D:3      | Reached skill level 7 in Staves
  1738 | D:3      | Reached XP level 5. HP: 34/42 MP: 4/4
  2435 | D:4      | Found a transporter.
  2435 | D:4      | Found a transporter.
  2435 | D:4      | Noticed dikkface's ghost (novice HuFi)
  2436 | D:4      | Noticed an ogre
  2437 | D:4      | Noticed an ogre
  2511 | D:4      | Got a jewelled leather armour
  2522 | D:4      | Identified the +3 leather armour of the Republic {rC++
                  | Str-4 Int+4 Stlth+} (You found it on level 4 of the
                  | Dungeon)
  3127 | D:4      | Killed an ogre
  3127 | D:4      | Reached skill level 8 in Staves
  3127 | D:4      | Reached XP level 6. HP: 50/50 MP: 5/5
  3147 | D:4      | Killed dikkface's ghost
  3147 | D:4      | Reached skill level 10 in Staves
  3147 | D:4      | Reached XP level 7. HP: 13/56 MP: 6/6
  3363 | D:5      | Entered Level 5 of the Dungeon
  3536 | D:5      | Noticed Sigmund
  4001 | D:5      | Found Aralok's Weapon Emporium.
  4009 | D:5      | Killed Sigmund
  4009 | D:5      | Reached skill level 11 in Staves
  4144 | D:6      | Reached XP level 8. HP: 26/62 MP: 7/7
  4215 | D:6      | Reached skill level 12 in Staves
  4510 | D:6      | Noticed Prince Ribbit
  4522 | D:6      | Killed Prince Ribbit
  4822 | D:6      | Found a staircase to the Ecumenical Temple.
  4837 | Temple   | Entered the Ecumenical Temple
  4851 | Temple   | Became a worshipper of Warmaster Okawaru
  4897 | D:6      | Noticed a hippogriff
  4905 | D:6      | Killed a hippogriff
  4905 | D:6      | Reached skill level 13 in Staves
  5133 | D:6      | Found an ornate altar of the Wu Jian Council.
  5408 | D:7      | Gained mutation: You are weak. (Str -2) [potion of
                  | mutation]
  5408 | D:7      | Gained mutation: Your magical capacity is low. (-10% MP)
                  | [potion of mutation]
  5408 | D:7      | Gained mutation: Scrolls take you a little longer to read.
                  | [potion of mutation]
  5408 | D:7      | Gained mutation: You have sharp fingernails. [potion of
                  | mutation]
  5421 | D:7      | Reached XP level 9. HP: 68/68 MP: 7/7
  5469 | D:7      | Found a glowing golden altar of the Shining One.
  5483 | D:7      | Reached skill level 14 in Staves
  5705 | D:7      | Found a shimmering blue altar of Sif Muna.
  5925 | D:8      | Reached * piety under Okawaru
  6021 | D:8      | Reached skill level 5 in Dodging
  6030 | D:8      | Reached skill level 5 in Fighting
  6124 | D:8      | Noticed a two-headed ogre
  6136 | D:8      | Killed a two-headed ogre
  6452 | D:8      | Reached ** piety under Okawaru
  6466 | D:8      | Reached XP level 10. HP: 35/86 MP: 6/8
  6700 | D:8      | Found a hide-covered altar of Uskayaw.
  6701 | D:8      | Found a hazy altar of Hepliaklqana.
  6701 | D:8      | Found a burning altar of Makhleb.
  6997 | D:8      | Found a staircase to the Lair.
  7006 | Lair:1   | Entered Level 1 of the Lair of Beasts
  7060 | Lair:1   | Reached *** piety under Okawaru
  7060 | Lair:1   | Reached skill level 1 in Invocations
  7060 | Lair:1   | Reached skill level 1 in Evocations
  7784 | Lair:1   | Noticed a seven-headed hydra
  7794 | Lair:1   | Reached **** piety under Okawaru
  7795 | Lair:1   | HP: 3/90 [seven-headed hydra (7)]
  7795 | Lair:1   | Slain by a seven-headed hydra

Levels and vault maps discovered:
D:1:      psy_arrival_radial01, layout_basic
D:2:      minmay_angry_zag, layout_rooms, first_ration
D:3:      layout_loops_ring, corexii_item_surrounded_by_moat, uniq_ijyb
D:4:      layout_basic, gammafunk_ghost_smash, kennysheep_generic_room_13
D:5:      layout_basic, serial_shops, shop, uniq_sigmund
D:6:      layout_basic, kennysheep_mini_moat,
          minmay_temple_entry_statues_pillars, uniq_prince_ribbit1
D:7:      layout_basic, led_sif_book, tso_metal_star
D:8:      layout_loops_ring, chequers_temple_overflow_statue_of_worship,
          lair_entry_dummy
Temple:   nicolae_temple_elliptical
Lair:1:   layout_cave_pods, minivault_24

Skill      XL: |  1  2  3  4  5  6  7  8  9 10 |
---------------+-------------------------------+-----
Staves         | 4 5 6 7 8 10 11 13 14 | 14.0
Fighting       | 7 8 |  8.8
Dodging        | 7 8 |  8.4
Invocations    | 4 |  4.1
Evocations     | 3 |  3.7
Throwing       | |  2.0

Action                   |  1- 3 |  4- 6 |  7- 9 | 10-12 || total
-------------------------+-------+-------+-------+-------++-------
Melee: Quarterstaff      |    71 |   117 |   282 |   118 ||   588
       Headbutt          |     5 |    17 |    48 |    11 ||    81
Throw: Throwing net      |       |       |     1 |       ||     1
Invok: Heroism           |       |       |     1 |     1 ||     2
Evoke: Wand              |       |     1 |     1 |     2 ||     4
  Use: Scroll            |     4 |     4 |    10 |     1 ||    19
       Potion            |     3 |     3 |     6 |     3 ||    15
 Stab: Sleeping          |       |       |     5 |       ||     5
       Held in net/web   |       |       |     1 |       ||     1
  Eat: Chunk             |     1 |     2 |    12 |     8 ||    23
       Ration            |       |     1 |       |       ||     1
Armor: Leather armour    |    16 |    26 |    49 |    23 ||   114
Dodge: Dodged            |    43 |    64 |   102 |    90 ||   299
